 Dungeon Sprint DCSS version 0.21-a0-241-g2cbab09 (webtiles) character file.

1717 DrunkNinja the Unseen (level 8, -21/36 HPs)
             Began as a Spriggan Enchanter on Sept 3, 2017.
             Was a Follower of Dithmenos.
             Killed by an exploding ballistomycete spore (24 damage)
             ... in the Dungeon (Sprint I: "Red Sonja").
             The game lasted 00:29:56 (673 turns).

DrunkNinja the Unseen (Spriggan Enchanter)           Turns: 673, Time: 00:30:03

Health: -21/36     AC:  2    Str:  5    XL:     8   Next: 74%
Magic:  21/21      EV: 27    Int: 18    God:    Dithmenos [*.....]
Gold:   529        SH:  0    Dex: 16    Spells: 15/24 levels left

rFire    . . .     SeeInvis +   l - +0 short sword (distort)
rCold    . . .     Gourm    .   (shield restricted)
rNeg     . . .     Faith    .   b - +0 robe
rPois    .         Spirit   .   (helmet restricted)
rElec    .         Reflect  .   (no cloak)
rCorr    .         Harm     .   (gloves unavailable)
MR       +....     NoTele   +   (boots unavailable)
Stlth    +++.......             (no amulet)
HPRegen  0.12/turn              (no ring)
MPRegen  0.17/turn              (no ring)

@: confused, wreathed by umbra, very quick
A: unfitting armour, see invisible, herbivore 3, speed 3, slow metabolism 2
a: Renounce Religion


You were in the Dungeon.
You worshipped Dithmenos.
Dithmenos was aware of your devotion.
You were not hungry.

You visited 1 branch You collected 529 gold pieces.

Inventory:

Hand Weapons
 a - a +1 dagger
 l - a +0 short sword of distortion (weapon)
Armour
 b - a +0 robe (worn)
Wands
 i - a wand of polymorph (18/24)
Scrolls
 j - a scroll of blinking
Potions
 e - a potion of curing
 f - a potion of heal wounds
 g - a potion of haste
 h - a potion of magic
 k - 2 potions of might {unknown}
Books
 c - a book of Maledictions

   Spells                             Type                      Level
   a - Corona                         Hexes                        1
   b - Ensorcelled Hibernation        Hexes/Ice                    2
   c - Confuse                        Hexes                        3
   d - Tukima's Dance                 Hexes                        3
   e - Dazzling Spray                 Conjuration/Hexes            3
Comestibles
 d - a bread ration


   Skills:
 + Level 8.5 Short Blades
 + Level 11.2 Dodging
 - Level 15.7 Stealth
 - Level 8.9 Spellcasting
 + Level 12.7 Hexes
 + Level 0.0 Invocations


You had 15 spell levels left.
You knew the following spells:

 Your Spells              Type           Power        Failure   Level  Hunger
a - Corona                Hex            ######.      1%          1    None
b - Ensorcelled Hibernat  Hex/Ice        ####..       1%          2    None
c - Confuse               Hex            ######..     1%          3    None
d - Dazzling Spray        Conj/Hex       ####..       1%          3    None


Dungeon Overview and Level Annotations

Branches:
Dungeon (1/1)

Altars:
Cheibriados
Dithmenos
Elyvilon
Fedhas
Gozag
Hepliaklqana
Kikubaaqudgha
Makhleb
Nemelex Xobeh
Okawaru
Qazlal
Ru
Sif Muna
Trog
Uskayaw
Vehumet
Wu Jian
Xom
Yredelemnul
Zin
The Shining One
Jiyva
Lugonu

Shops:
D ?[


Innate Abilities, Weirdness & Mutations

You are very small and have problems with some larger weapons.
You are too small for most types of armour.
You have supernaturally acute eyesight. (SInv)
You are a herbivore.
You cover ground extremely quickly.
You need consume almost no food.


Message History

Things that are here:
an uncursed blowgun; 5 curare-tipped needles You open the door. 2 ballistomycete spores come into view.
Found four items.
Found 54 gold pieces.
There is an open door here.
The ballistomycete spore waves its rhizomes.
The ballistomycete spore explodes!
A fungus suddenly grows.
The explosion of spores engulfs you!
You are confused.
Ouch! That really hurt!
* * * LOW HITPOINT WARNING * * *
A fungus suddenly grows.
The explosion of spores engulfs the ballistomycete spore.
The ballistomycete spore explodes!
The explosion of spores engulfs you!
You are more confused.
Ouch! That really hurt!
You die...

#⌠⌠#_.∩..†'..§_#§§§.c
####_..__##_.#+##+###
#_____###'# ###
#########.####+###.##
+...'.....'(∩#
#.).##########
###P### #$#P#$#
#$!@!$# #$?($$#
#######


There were no monsters in sight!

Vanquished Creatures
  Sonja (D)
  A deep troll (D)
  A slime creature (D)
  Sigmund (D)
  A yak (D)
  An ogre (D)
  A jelly (D)
  Ijyb (D)
8 creatures vanquished.

Vanquished Creatures (others)
  A gargoyle (D)
1 creature vanquished.

Grand Total: 9 creatures vanquished

Notes
Turn   | Place    | Note
-------+----------+-------------------------------------------
     0 | D        | DrunkNinja the Spriggan Enchanter began the quest for the Orb.
     0 | D        | Reached XP level 1. HP: 9/9 MP: 5/5
     1 | D        | Noticed Ijyb
    13 | D        | Killed Ijyb
    13 | D        | Reached skill level 6 in Stealth
    13 | D        | Reached skill level 5 in Hexes
    13 | D        | Reached XP level 2. HP: 13/13 MP: 5/8
    34 | D        | Learned a level 2 spell: Ensorcelled Hibernation
   364 | D        | Noticed an ogre
   383 | D        | Killed an ogre
   383 | D        | Reached skill level 9 in Stealth
   383 | D        | Reached XP level 3. HP: 16/16 MP: 7/12
   383 | D        | Reached XP level 4. HP: 21/21 MP: 7/13
   391 | D        | Learned a level 3 spell: Confuse
   432 | D        | Noticed Sigmund
   437 | D        | Killed a gargoyle
   440 | D        | Killed Sigmund
   440 | D        | Reached skill level 11 in Stealth
   440 | D        | Reached XP level 5. HP: 24/24 MP: 13/17
   478 | D        | Found an ornate altar of the Wu Jian Council.
   478 | D        | Found a deep blue altar of Sif Muna.
   480 | D        | Found a radiant altar of Vehumet.
   485 | D        | Reached XP level 6. HP: 28/28 MP: 15/18
   500 | D        | Found Cacu's Magic Scroll Emporium.
   500 | D        | Found an ancient bone altar of Kikubaaqudgha.
   500 | D        | Found a hazy altar of Hepliaklqana.
   500 | D        | Found a stormy altar of Qazlal.
   500 | D        | Found a hide-covered altar of Uskayaw.
   500 | D        | Found a blossoming altar of Fedhas.
   500 | D        | Found a bloodstained altar of Trog.
   500 | D        | Found an iron altar of Okawaru.
   500 | D        | Found a basalt altar of Yredelemnul.
   500 | D        | Found a glowing golden altar of the Shining One.
   500 | D        | Found a snail-covered altar of Cheibriados.
   500 | D        | Found a sacrificial altar of Ru.
   500 | D        | Found a glowing silver altar of Zin.
   500 | D        | Found a shadowy altar of Dithmenos.
   500 | D        | Found a white marble altar of Elyvilon.
   500 | D        | Noticed a yak
   501 | D        | Found an opulent altar of Gozag.
   502 | D        | Killed a yak
   502 | D        | Reached skill level 12 in Stealth
   502 | D        | Reached skill level 10 in Hexes
   503 | D        | Found a sparkling altar of Nemelex Xobeh.
   518 | D        | Became a worshipper of Dithmenos the Shadowed
   556 | D        | Noticed a centaur warrior
   556 | D        | Noticed a centaur warrior
   563 | D        | Found a burning altar of Makhleb.
   563 | D        | Found a shimmering altar of Xom.
   563 | D        | Noticed a slime creature
   564 | D        | Found a viscous altar of Jiyva.
   564 | D        | Found a corrupted altar of Lugonu.
   572 | D        | Killed a slime creature
   572 | D        | Reached skill level 5 in Short Blades
   572 | D        | Reached skill level 13 in Stealth
   572 | D        | Reached XP level 7. HP: 32/32 MP: 13/20
   587 | D        | Noticed Sonja
   591 | D        | Killed Sonja
   591 | D        | Reached skill level 14 in Stealth
   591 | D        | Reached XP level 8. HP: 36/36 MP: 16/21
   615 | D        | Noticed a deep troll
   619 | D        | Killed a deep troll
   619 | D        | Reached * piety under Dithmenos
   619 | D        | Reached skill level 15 in Stealth
   633 | D        | Found Tosihy's Armour Emporium.
   658 | D        | Learned a level 3 spell: Dazzling Spray
   673 | D        | Killed by an exploding ballistomycete spore

Vault maps used:
D:        dungeon_sprint_1

Skill      XL: |  1  2  3  4  5  6  7  8 |
---------------+-------------------------+-----
Stealth        | 6 9 11 13 14 15 | 15.7
Spellcasting   | 4 6 8 |  8.9
Hexes          | 5 7 9 10 12 | 12.7
Short Blades   | 5 7 8 |  8.5
Dodging        | 7 9 11 | 11.2

Action                   |  1- 3 |  4- 6 |  7- 9 || total
-------------------------+-------+-------+-------++-------
Melee: Dagger            |     7 |     7 |     1 ||    15
       Short sword       |       |       |     1 ||     1
 Cast: Ensorcelled Hiber |     5 |     1 |       ||     6
       Confuse           |       |     2 |       ||     2
  Use: Potion            |     2 |       |       ||     2
 Stab: Sleeping          |     1 |     3 |     2 ||     6
       Confused          |       |     2 |       ||     2
Armor: Robe              |     1 |       |       ||     1
Dodge: Dodged            |     4 |       |       ||     4

Table legend:
 A = Spawn XP
 B = Non-spawn XP
 C = Spawn XP percentage of total XP
 D = Spawn monster count
 E = Non-spawn monster count
 F = Spawn count percentage of total count
 G = Total turns spent on level
                    A         B        C        D         E        F      G
               +---------+---------+-------+---------+---------+-------+---------
         Total |       0 |    2454 |   0.0 |       0 |       8 |   0.0 |   673
               +---------+---------+-------+---------+---------+-------+---------
             D |       0 |    2454 |   0.0 |       0 |       8 |   0.0 |   673
               +---------+---------+-------+---------+---------+-------+---------
